 Dungeon Crawl Stone Soup version 0.28.0-47-ge53b351184 (webtiles) character file.

Game seed: 17350137652902061055

1333 nickcage the Slicer (level 8, -5/36 HPs)
             Began as a Spriggan Enchanter on May 2, 2022.
             Slain by a killer bee (7 damage)
             ... on level 8 of the Dungeon.
             The game lasted 00:21:11 (6873 turns).

nickcage the Slicer (Spriggan Enchanter)            Turns: 6873, Time: 00:21:12

Health: -5/36      AC:  2    Str:  4    XL:     8   Next: 34%
Magic:  3/14       EV: 17    Int: 22    God:
Gold:   265        SH:  0    Dex: 18    Spells: 11/13 levels left

rFire   . . .      SeeInvis +   o - +3 dagger (elec)
rCold   . . .      Faith    .   (no shield)
rNeg    . . .      Spirit   .   b - +0 robe
rPois   .          Reflect  .   (helmet restricted)
rElec   .          Harm     .   (no cloak)
rCorr   +          Rampage  .   (gloves unavailable)
Will    +....                   (boots unavailable)
Stlth   +.........              (no amulet)
HPRegen 0.12/turn               k - +6 ring of intelligence
MPRegen 0.14/turn               v - ring of resist corrosion

@: confused, lethally poisoned (-5 -> -19), ambrosia-drunk, very quick
A: very small, no large weapons, unfitting armour, see invisible, speed 3
a: no special abilities


You were on level 8 of the Dungeon.
You visited 2 branches of the dungeon, and saw 8 of its levels.

You collected 265 gold pieces.

Inventory:

Hand Weapons
 a - a +1 dagger
 l - a +2 dagger of venom
 o - a +3 dagger of electrocution (weapon)
 s - a +4 dagger
Missiles
 e - 7 poisoned darts
Armour
 b - a +0 robe (worn)
Jewellery
 k - a +6 ring of intelligence (left hand)
 v - a ring of resist corrosion (right hand)
Scrolls
 d - a scroll of fog
 h - a scroll of teleportation
 n - a scroll of magic mapping
 p - a scroll of blinking {unknown}
Potions
 c - a potion of invisibility
 f - a potion of mutation
 g - a potion of lignification
 m - 2 potions of might {unknown}
 q - a potion of attraction {unknown}
 r - a potion of degeneration {unknown}
 t - 3 potions of heal wounds {unknown}
 w - a potion of curing {unknown}


   Skills:
 * Level 9.2 Short Blades
 - Level 2.6 Dodging
 - Level 4.4 Stealth
 - Level 3.4 Spellcasting
 - Level 7.5 Hexes


You had 11 spell levels left.
You knew the following spells:

 Your Spells              Type           Power      Damage    Failure   Level
a - Ensorcelled Hibernat  Hex/Ice        40%        N/A       3%          2

Your spell library contained the following spells:

 Spells                   Type           Power      Damage    Failure   Level
 Confusing Touch          Hex            37%        N/A       1%          3
 Tukima's Dance           Hex            37%        N/A       1%          3
 Dazzling Flash           Conj/Hex       40%        N/A       8%          3
 Shock                    Conj/Air       12%        1d3       12%         1
 Swiftness                Air            3%         N/A       34%         3
 Airstrike                Air            1%         N/A       75%         4


Dungeon Overview and Level Annotations

Branches:
Dungeon (6/15)             Temple (1/1) D:5

Altars:
Cheibriados
Elyvilon
Fedhas
Hepliaklqana
Kikubaaqudgha
Makhleb
Okawaru
Sif Muna
Trog
Vehumet
Wu Jian
Xom
The Shining One

Shops:
D:5 *   D:8 (

Annotations:
D:5 3 runed translucent doors, nickcage's ghost, novice DEIE


Innate Abilities, Weirdness & Mutations

You are very small and have problems with some larger weapons.
You are too small for most types of armour.
You have supernaturally acute eyesight. (SInv)
You cover ground extremely quickly. (Speed+++)


Message History

The killer bee resists with significant effort.
The killer bee barely misses you. The killer bee misses you.
You hit the killer bee but do no damage.
The killer bee closely misses you.
You miss the killer bee. The killer bee closely misses you.
You hit the killer bee.
Lightning courses through the killer bee!
The killer bee is severely wounded.
The killer bee barely misses you.
Your magical contamination has completely faded away.
You hit the killer bee.
The killer bee is severely wounded.
The killer bee stings you!
You hit the killer bee.
The killer bee is almost dead.
The killer bee closely misses you.
You hit the killer bee.
Lightning courses through the killer bee!
You kill the killer bee!
The killer bee misses you. The killer bee stings you.
You are poisoned.
The killer bee poisons you!
You are too injured to fight recklessly!
Aiming: Ensorcelled Hibernation (safe; 3% risk of failure)
Press: ? - help, Q - select action, (/) - cycle Shift-Dir - straight line, f - killer bee
Aim: a killer bee (chance to affect: 62%)
The killer bee resists with significant effort.
* * * LOW HITPOINT WARNING * * *
You feel very sick. The killer bee misses you. The killer bee stings you.
* * * LOW HITPOINT WARNING * * *
You are more poisoned.
The killer bee poisons you!
You are confused.
You feel invigorated.
* * * LOW HITPOINT WARNING * * *
You feel very sick. The killer bee stings you!
You die...

###.###### y.y..y...#
######.#.# #.#.# ###
#.. #.#.# ... ...
."#.# ##.##.## ###.#
###.#.#).##########.#
...#............@y..#
#......##########.#
#.....##########.##
#.................#
#..........∩...#..#
##############)#..#
#.)...... ###..##.#
#..# #


You could see a killer bee.

Vanquished Creatures
  A sky beast (D:5)
  2 necrophages (D:4)
  A gnoll sergeant (D:5)
  A wyvern zombie (D:5)
  A water moccasin skeleton (D:5)
  2 killer bees (D:8)
  4 wights
  A howler monkey (D:5)
  A bullfrog zombie (D:3)
  4 hounds
  An orc priest (D:8)
  An iguana (D:5)
  Natasha (thrice) (D:2)
  An orc wizard (D:8)
  A hound zombie (D:5)
  2 hound skeletons
  6 adders
  7 gnolls
  A shadow imp (D:6)
  3 worms
  7 dart slugs (D:5)
  15 orcs
  10 endoplasms
  3 giant cockroaches
  10 goblins
  6 hobgoblins
  A jackal (D:3)
  2 quokkas
  7 ball pythons
  12 bats
  2 frilled lizards (D:3)
  6 kobolds
  5 rats
130 creatures vanquished.

Vanquished Creatures (others)
  5 plants (D:5)
5 creatures vanquished.

Grand Total: 135 creatures vanquished

Notes
Turn   | Place    | Note
-------+----------+-------------------------------------------
     0 | D:1      | nickcage the Spriggan Enchanter began the quest for the
                  | Orb.
     0 | D:1      | Reached XP level 1. HP: 9/9 MP: 5/5
   581 | D:2      | Reached XP level 2. HP: 11/13 MP: 6/6
   584 | D:2      | Learned a level 2 spell: Ensorcelled Hibernation
   767 | D:2      | Noticed Natasha
   775 | D:2      | Reached XP level 3. HP: 16/16 MP: 5/8
   807 | D:2      | Killed Natasha
   808 | D:2      | Reached skill level 5 in Hexes
   972 | D:2      | Reached XP level 4. HP: 17/21 MP: 1/10
  1332 | D:2      | Noticed Natasha
  1338 | D:2      | Killed Natasha
  1405 | D:2      | Noticed a golden eye
  1409 | D:2      | Noticed a floating eye
  1411 | D:2      | Found a faded altar of an unknown god.
  1413 | D:2      | Noticed an eye of devastation
  1420 | D:2      | Noticed a floating eye
  1485 | D:2      | Noticed Natasha
  1491 | D:2      | Killed Natasha
  1856 | D:3      | Reached XP level 5. HP: 24/24 MP: 8/11
  2335 | D:3      | Found a glowing golden altar of the Shining One.
  3461 | D:4      | Noticed a necrophage
  3465 | D:4      | Reached skill level 2 in Short Blades
  3529 | D:4      | Reached XP level 6. HP: 27/28 MP: 12/12
  3576 | D:4      | Reached skill level 3 in Short Blades
  4330 | D:4      | Reached skill level 4 in Short Blades
  4522 | D:5      | Entered Level 5 of the Dungeon
  4534 | D:5      | Noticed a sky beast
  4553 | D:5      | HP: 1/28 [sky beast (6)]
  4854 | D:5      | Killed a sky beast
  4855 | D:5      | Reached skill level 5 in Short Blades
  4855 | D:5      | Reached XP level 7. HP: 32/32 MP: 6/13
  5030 | D:5      | Reached skill level 6 in Short Blades
  5554 | D:5      | Found Mityugeu's Assorted Antiques.
  5700 | D:5      | Reached skill level 7 in Short Blades
  5748 | D:5      | Found a staircase to the Ecumenical Temple.
  5756 | Temple   | Entered the Ecumenical Temple
  6013 | D:5      | Found a runed translucent gate.
  6013 | D:5      | Found a runed translucent gate.
  6013 | D:5      | Found a runed translucent gate.
  6039 | D:5      | Noticed nickcage's ghost (novice DEIE)
  6586 | D:6      | Reached skill level 8 in Short Blades
  6586 | D:6      | Reached XP level 8. HP: 36/36 MP: 14/14
  6741 | D:6      | Found an iron altar of Okawaru.
  6750 | D:6      | Found a blossoming altar of Fedhas.
  6750 | D:6      | You fall into a shaft and drop 2 floors!
  6751 | D:8      | Found Tiat Fol's Weapon Boutique.
  6857 | D:8      | Reached skill level 9 in Short Blades
  6873 | D:8      | Slain by a killer bee

Illustrated notes

Levels and vault maps discovered:
D:1:      mushboom_english_gardens, layout_rooms
D:2:      layout_basic, hellmonk_ecumenical_altar_watching_god,
          kennysheep_nondescript, nrook_loot_triangle, minmay_split_cup_large,
          uniq_natasha
D:3:      kennysheep_six_static_rooms, layout_basic, mainiacjoe_overflow_paths,
          roderic_batcave
D:4:      layout_rooms, minmay_puff
D:5:      kennysheep_slugbush, layout_basic, minmay_temple_entry_overgrown,
          gammafunk_ghost_icy, serial_shops,
          nicolae_shop_temple_entry_statues_fountains
D:6:      layout_rooms, mainiacjoe_overflow_swirl,
          nicolae_dithmenos_shadow_blocks, gup_sewer_entry_glass,
          minmay_fractal_squares_gapless_5, uniq_sigmund, uniq_grinder
D:8:      lemuel_ice_statue, layout_loops_ring, zin_academy,
          nemelex_xobeh_ov_fountains_minmay, serial_shops, shop
Temple:   cyrus_temple_forest

Skill      XL: |  1  2  3  4  5  6  7  8 |
---------------+-------------------------+-----
Hexes          | 4 5 6 7 |  7.5
Spellcasting   | 3 |  3.4
Short Blades   | 2 5 8 9 |  9.2
Dodging        | |  2.6
Stealth        | |  4.4

Action                   |  1- 3 |  4- 6 |  7- 9 || total
-------------------------+-------+-------+-------++-------
Melee: Dagger            |    41 |   134 |   114 ||   289
       Punch             |       |       |     2 ||     2
Throw: Dart              |       |       |     1 ||     1
 Cast: Ensorcelled Hiber |    10 |    57 |    27 ||    94
  Use: Scroll            |       |     5 |     3 ||     8
       Potion            |       |       |     1 ||     1
 Stab: Sleeping          |    17 |    51 |    18 ||    86
       Distracted        |       |     1 |     1 ||     2
Armor: Robe              |     3 |    11 |     2 ||    16
Dodge: Dodged            |    24 |    84 |    66 ||   174
